 Dungeon Crawl Stone Soup version 0.20.0-10-g0535bb4 (webtiles) character file.

1921 anfisbena the Grappler (level 8, -1/74 HPs)
             Began as a Troll Fighter on June 3, 2017.
             Was an Initiate of Ru.
             Slain by an ice beast (12 damage)
             ... summoned by Fannar
             ... on level 10 of the Dungeon.
             The game lasted 00:05:35 (5214 turns).

anfisbena the Grappler (Troll Fighter)              Turns: 5214, Time: 00:05:36

Health: -1/74      AC:  5    Str: 31    XL:     8   Next: 96%
Magic:  7/7        EV: 10    Int:  4    God:    Ru [......]
Gold:   338        SH: 11    Dex: 11    Spells: 7/7 levels left

rFire    . . .     SeeInvis .     - Unarmed
rCold    . . .     Gourm    +   b - +0 shield
rNeg     . . .     Faith    .   a - +0 robe
rPois    .         Spirit   .   (helmet restricted)
rElec    .         Reflect  .   (no cloak)
rCorr    .         Harm     .   (gloves unavailable)
MR       .....                  (boots unavailable)
Stlth    +.........             e - amulet of regeneration
Regen    1.1/turn               F - +3 ring of strength
MPRegen  0.1/turn               y - +3 ring of strength

@: no status effects
A: unfitting armour, claws 3, fast metabolism 3, gourmand, regeneration 1,
shaggy fur 1, tough skin 2
a: Renounce Religion


You were on level 10 of the Dungeon.
You worshipped Ru.
Ru was noncommittal.
You were completely stuffed.

You visited 2 branches of the dungeon, and saw 9 of its levels.
You also visited: Sewer.

You collected 338 gold pieces.

Inventory:

Missiles
 v - 4 large rocks (quivered)
Armour
 a - a +0 robe (worn)
 b - a +0 shield (worn)
Jewellery
 e - an amulet of regeneration (around neck)
 i - an uncursed ring of flight
 y - a +3 ring of strength (right claw)
 F - a +3 ring of strength (left claw)
Wands
 u - a wand of lightning (5/15)
Scrolls
 f - 2 scrolls of identify
 h - a scroll of enchant armour {unknown}
 l - 2 scrolls of fear
 n - 4 scrolls of teleportation
 p - 2 scrolls of fog {unknown}
 r - 3 scrolls of remove curse
 s - 2 scrolls of noise {unknown}
 t - a scroll of recharging {unknown}
 B - 2 scrolls of magic mapping {unknown}
 E - a scroll of immolation {unknown}
Potions
 c - 3 potions of might
 g - 5 potions of heal wounds
 j - a potion of agility {unknown}
 k - a potion of haste {unknown}
 m - 3 potions of brilliance {unknown}
 o - 3 potions of lignification {unknown}
 z - 3 potions of flight {unknown}
 A - a potion of magic {unknown}
 D - 2 potions of curing {unknown}
Comestibles
 d - 5 bread rations
 q - 30 fruits
 w - 3 chunks of flesh
 C - 3 meat rations


   Skills:
 - Level 2.4 Fighting
 - Level 2.4 Dodging
 + Level 7.3 Shields
 + Level 8.6 Unarmed Combat


You had 7 spell levels left.
You didn't know any spells.

Dungeon Overview and Level Annotations

Branches:
Dungeon (7/15)             Temple (1/1) D:6

Altars:
Ashenzari
Cheibriados
Dithmenos
Elyvilon
Fedhas
Hepliaklqana
Kikubaaqudgha
Makhleb
Nemelex Xobeh
Okawaru
Qazlal
Ru
Trog
Uskayaw
Vehumet
Xom
Yredelemnul
Zin
The Shining One

Annotations:
D:10 Fannar


Innate Abilities, Weirdness & Mutations

You are too large for most types of armour.
You have claws for hands.
Your metabolism is lightning-fast.
You like to eat raw meat.
Your natural rate of healing is unusually fast.
You are covered in fur. (AC +1)
You have very tough skin. (AC +2)


Message History

Fannar hits you with a quarterstaff of freezing.
* * * LOW HITPOINT WARNING * * *
Fannar freezes you.
* * * LOW HITPOINT WARNING * * *
You miss Fannar.
Fannar is heavily wounded.
The ice beast hits you but does no damage.
You barely miss Fannar.
Fannar is heavily wounded.
Fannar hits you with a quarterstaff of freezing!
* * * LOW HITPOINT WARNING * * *
Fannar freezes you.
* * * LOW HITPOINT WARNING * * *
The ice beast closely misses you.
You barely miss Fannar.
Fannar is heavily wounded.
The ice beast hits you.
* * * LOW HITPOINT WARNING * * *
The ice beast freezes you!
You die...

... .# ##s##..#
###.Y.#..# ...ยง...
#...# #. #.# # #.#
#.# .#
#.#####.##..#
##....@e.....#
......Y##.##..#
###.##.##.# .#
#######.##.##(##..#
..................#
........########.##
#######.########.#
#..........
###########


You could see Fannar and an ice beast.

Vanquished Creatures
  Prince Ribbit (D:7)
  2 phantoms
  3 ogres (D:6)
  A big kobold (Sewer)
  2 bullfrogs
  A gnoll sergeant (D:4)
  A vampire bat (D:4)
  A crimson imp (D:5)
  2 quasits
  2 jellies
  3 hounds
  A bullfrog skeleton (D:7)
  2 orc priests
  2 orc wizards (D:4)
  3 iguanas
  9 worker ants
  A hound zombie (D:5)
  A worker ant zombie (D:6)
  5 gnolls (D:4)
  3 river rats
  8 adders
  3 oozes
  An adder skeleton (D:4)
  A worm (D:2)
  3 dart slugs
  4 leopard geckos
  16 orcs
  2 ball pythons (D:3)
  A bat skeleton (D:4)
  5 bat zombies (D:4)
  6 giant cockroaches
  10 hobgoblins
  10 jackals
  9 kobolds
  4 quokkas
  7 bats
  3 frilled lizards (D:1)
  5 goblins
  A jackal zombie (D:7)
  15 rats
160 creatures vanquished.

Notes
Turn   | Place    | Note
-------+----------+-------------------------------------------
     0 | D:1      | anfisbena the Troll Fighter began the quest for the Orb.
     0 | D:1      | Reached XP level 1. HP: 22/22 MP: 0/0
   205 | D:1      | Reached XP level 2. HP: 23/29 MP: 1/1
   750 | D:2      | Reached XP level 3. HP: 36/36 MP: 2/2
   764 | D:2      | Found a blossoming altar of Fedhas.
   980 | D:2      | Reached skill level 3 in Unarmed Combat
  1637 | D:3      | Reached XP level 4. HP: 44/44 MP: 3/3
  1938 | D:3      | Found a glowing drain.
  1949 | Sewer    | Entered a sewer
  2019 | Sewer    | Noticed a big kobold
  2032 | Sewer    | Killed a big kobold
  2032 | Sewer    | Reached skill level 4 in Unarmed Combat
  2032 | Sewer    | Reached XP level 5. HP: 50/50 MP: 4/4
  2055 | Sewer    | Found a glowing silver altar of Zin.
  2756 | D:4      | Reached XP level 6. HP: 42/59 MP: 5/5
  2771 | D:4      | Reached skill level 5 in Unarmed Combat
  2851 | D:4      | Found a hide-covered altar of Uskayaw.
  3126 | D:4      | Reached XP level 7. HP: 41/66 MP: 6/6
  3142 | D:4      | Reached skill level 5 in Shields
  3165 | D:4      | HP: 3/66 [orc wizard/magic dart (6)]
  3188 | D:4      | Reached skill level 6 in Unarmed Combat
  3514 | D:4      | Found an ancient bone altar of Kikubaaqudgha.
  3575 | D:5      | Entered Level 5 of the Dungeon
  4278 | D:6      | Reached skill level 7 in Unarmed Combat
  4278 | D:6      | Reached XP level 8. HP: 74/74 MP: 7/7
  4456 | D:6      | Found a staircase to the Ecumenical Temple.
  4595 | Temple   | Entered the Ecumenical Temple
  4617 | Temple   | Became a worshipper of Ru the Awakened
  4764 | D:6      | Found a shimmering altar of Xom.
  5061 | D:7      | Noticed Prince Ribbit
  5072 | D:7      | Killed Prince Ribbit
  5072 | D:7      | Reached skill level 8 in Unarmed Combat
  5136 | D:7      | You fall through a shaft for 3 floors!
  5136 | D:10     | Entered Level 10 of the Dungeon
  5171 | D:10     | Noticed Fannar
  5214 | D:10     | Slain by an ice beast

Skill      XL: |  1  2  3  4  5  6  7  8 |
---------------+-------------------------+-----
Shields        | 3 4 5 7 |  7.3
Unarmed Combat | 3 4 5 7 8 |  8.6
Fighting       | |  2.4
Dodging        | |  2.4

Action                   |  1- 3 |  4- 6 |  7- 9 || total
-------------------------+-------+-------+-------++-------
Melee: Unarmed           |   122 |   181 |   233 ||   536
  Use: Scroll            |       |       |     5 ||     5
  Eat: Chunk             |    18 |    17 |    19 ||    54
Armor: Robe              |    42 |    36 |    53 ||   131
Dodge: Dodged            |    40 |    55 |    88 ||   183
Block: Shield            |    56 |    82 |   104 ||   242
